 Dungeon Crawl Stone Soup version 0.27-a0-1321-gd358eaa319 (webtiles) character file.

Game seed: 9292935653982004185

42 Nattfarinn the Shooter (level 3, -2/20 HPs)
             Began as a Deep Elf Arcane Marksman on June 22, 2021.
             Slain by Sigmund (9 damage)
             ... on level 2 of the Dungeon.
             The game lasted 00:03:57 (1933 turns).

Nattfarinn the Shooter (Deep Elf Arcane Marksman)   Turns: 1933, Time: 00:03:58

Health: -2/20      AC:  2    Str:  5 (7)  XL:     3   Next: 33%
Magic:  7/7        EV: 12    Int: 15 (17) God:
Gold:   102        SH:  0    Dex: 14 (16) Spells: 4/5 levels left

rFire    + . .     SeeInvis .   a - +0 shortbow
rCold    + . .     Faith    .   (shield currently unavailable)
rNeg     . . .     Spirit   .   d - +0 robe
rPois    +         Reflect  .   (no helmet)
rElec    +         Harm     .   (no cloak)
rCorr    +         Rampage  .   (no gloves)
Will     .....                  (no boots)
Stlth    +.........             (no amulet)
HPRegen  0.06/turn              (no ring)
MPRegen  0.10/turn              (no ring)

@: resistant
A: no striking features
a: no special abilities


You were on level 2 of the Dungeon.
You visited 1 branch of the dungeon, and saw 2 of its levels.

You collected 102 gold pieces.

Inventory:

Hand Weapons
 a - a +0 shortbow (weapon)
 b - a +1 dagger of venom
 m - a +2 whip of freezing
Missiles
 c - 30 arrows (quivered ammo)
Armour
 d - a +0 robe (worn)
Magical Staves
 i - a staff of cold
Jewellery
 f - an amulet of the acrobat
Wands
 j - a wand of paralysis (5)
Scrolls
 e - a scroll of enchant weapon {unknown}
 g - 2 scrolls of identify {unknown}
Potions
 h - a potion of resistance


   Skills:
 - Level 0.7 Fighting
 * Level 5.1 Bows
 - Level 2.4 Dodging
 - Level 1.5 Spellcasting
 - Level 4.0 Hexes


You had 4 spell levels left.
You knew the following spells:

 Your Spells              Type           Power      Damage    Failure   Level
a - Corona                Hex            14%        N/A       4%          1

Your spell library contained the following spells:

 Spells                   Type           Power      Damage    Failure   Level
 Slow                     Hex            13%        N/A       7%          2
 Inner Flame              Hex/Fire       7%         N/A       30%         3
 Portal Projectile        Hex/Tloc       14%        N/A       30%         3
 Cause Fear               Hex            6%         N/A       41%         4
 Leda's Liquefaction      Hex/Erth       3%         N/A       71%         4


Dungeon Overview and Level Annotations

Branches:
Dungeon (2/15)

Altars:

Annotations:
D:2 Sigmund


Message History

You shoot an arrow.
The arrow hits Sigmund but does no damage.
Sigmund is lightly wounded.
Sigmund hits you from afar with a +0 scythe!
Fire: 34 arrows
Press: ? - help, Q - select action, (/) - cycle Shift-Dir - straight line, f/p - Sigmund
Aim: Sigmund, wielding a +0 scythe and wearing a +0 robe (lightly wounded, 57% to hit)
You shoot an arrow. The arrow hits Sigmund.
Sigmund is lightly wounded.
Sigmund closely misses you.
Fire: 33 arrows
Press: ? - help, Q - select action, (/) - cycle Shift-Dir - straight line, f/p - Sigmund
Aim: Sigmund, wielding a +0 scythe and wearing a +0 robe (lightly wounded, 57% to hit)
You shoot an arrow. The arrow hits Sigmund.
Sigmund is lightly wounded.
Sigmund points at you and mumbles some strange words.
You are confused.
Non-targeted confused fire: 32 arrows
Press: ? - help, Q - select action, (/) - cycle Dir - look around, f - activate You shoot an arrow.
Sigmund closely misses you.
Sigmund hits you from afar with a +0 scythe.
Non-targeted confused fire: 31 arrows
Press: ? - help, Q - select action, (/) - cycle Dir - look around, f - activate You shoot an arrow.
Sigmund barely misses you.
Okay, then.
You feel protected. Sigmund barely misses you.
You feel less confused.
Sigmund casts a spell.
Sigmund flickers and vanishes!
Deactivating autopickup; reactivate with Ctrl-A.
You are confused.
You bump into the rock wall.
You bump into the rock wall.
Something hits you.
You feel less confused. Something hits you!
You die...

.....................'.........>#
...............#...).######......
...........###.#.....######......
...........# #.#.####....<.......
.###.......###.#.# #............
.#...†.........#.# #............
...............#.# #............
...######......#.## #†...........
........#......#@.# #............
.....##........#{.# #............
...#.###.......#..###............
.....# #.......#..........#......
..##.# ##.######....###.#.....##.
####.####.# #..#...........##.
####......# #.(#.....##....##.
.....##.#.######..#...........+..
####...[.......(..#......#....##.


There were no monsters in sight!

Vanquished Creatures
  2 worms (D:2)
  An orc (D:2)
  2 ball pythons
  3 bats
  3 endoplasms
  3 giant cockroaches
  5 goblins
  A hobgoblin (D:1)
  3 kobolds
  A quokka (D:2)
  4 frilled lizards
  4 rats (D:1)
32 creatures vanquished.

Notes
Turn   | Place    | Note
-------+----------+-------------------------------------------
     0 | D:1      | Nattfarinn the Deep Elf Arcane Marksman began the quest for
                  | the Orb.
     0 | D:1      | Reached XP level 1. HP: 11/11 MP: 5/5
   262 | D:1      | Reached skill level 3 in Bows
   507 | D:1      | Reached XP level 2. HP: 13/16 MP: 6/6
  1001 | D:1      | Reached skill level 4 in Bows
  1381 | D:2      | Reached XP level 3. HP: 20/20 MP: 7/7
  1381 | D:2      | Noticed Sigmund
  1678 | D:2      | Reached skill level 5 in Bows
  1933 | D:2      | Slain by Sigmund

Illustrated notes

Levels and vault maps discovered:
D:1:      dpeg_cavernosity, layout_loops_ring, minmay_pentomino_t4
D:2:      layout_basic, hellmonk_ecumenical_altar_run_dry, st_stairs_8,
          eino_tiny_chamber, uniq_sigmund, uniq_crazy_yiuf_cottage

Skill      XL: |  1  2  3 |
---------------+----------+-----
Bows           | 3 4 5 |  5.1
Fighting       | |  0.7
Dodging        | |  2.4
Spellcasting   | |  1.5
Hexes          | |  4.0

Action                   || total
-------------------------++-------
Melee: Whip              ||    42
 Fire: Shortbow          ||    51
  Use: Potion            ||     4
 Stab: Sleeping          ||     2
Armor: Robe              ||    10
Dodge: Dodged            ||    34

Table legend: (Time is in decaauts)
 A = Elapsed time spent in this place.
 B = Non-inter-level travel time spent in this place.
 C = Inter-level travel time spent in this place.
 D = Time resting spent in this place.
 E = Time spent auto-exploring this place.
 F = Levels seen in this place.
 G = Mean time per level.
                   A        B        C        D        E       F      G
               +--------+--------+--------+--------+--------+-----+--------+
         Total |   1934 |   1865 |     69 |    305 |   1303 |   2 |  967.0 |
       Dungeon |   1934 |   1865 |     69 |    305 |   1303 |   2 |  967.0 |
               +--------+--------+--------+--------+--------+-----+--------+

Top non-repeatable levels by time:
     D:1: 1372 daAuts
     D:2: 562 daAuts
